 Dungeon Crawl Stone Soup version 0.32-a0-338-g4f8ebfe289 (webtiles) character file.

Game seed: 5467258172959241338

133727 Amplified the Severer (level 16, -3/155 HPs)
             Began as a Mountain Dwarf Monk on Feb 16, 2024.
             Was the Champion of the Shining One.
             Slain by the 27-headed Lernaean hydra (11 damage)
             ... on level 4 of the Swamp on Feb 17, 2024.
             The game lasted 00:37:03 (27421 turns).

Amplified the Severer (Mountain Dwarf Monk)        Turns: 27421, Time: 00:37:04

Health: -3/155     AC: 26    Str: 26    XL:     16   Next: 37%
Magic:  14/28      EV: 17    Int: 16    God:    the Shining One [******]
Gold:   1712       SH: 17    Dex: 11    Spells: 9/15 levels left

rFire   . . .        M - +2 broad axe (flame)
rCold   + . .        (no shield)
rNeg    + + +        C - +0 swamp dragon scales
rPois   +            N - +2 hat
rElec   .            D - +2 cloak of Responsibility {rC+ Str+6}
rCorr   .            G - +2 pair of gloves
SInv    .            o - +2 pair of slick slippers {slick, slippery, EV+4}
Will    +....        q - amulet of faith Stlth
                     g - +4 ring of protection
HPRegen 0.45/turn    S - ring of flight
MPRegen 0.21/turn

%: faith
@: divinely shielded, flying, glowing, studying Ice Magic
A: runic magic, artefact enchanting, large bone plates 1, clever 1
a: Renounce Religion, Divine Shield, Cleansing Flame, Summon Divine Warrior,
Brand Weapon With Holy Wrath


You were on level 4 of the Swamp.
You worshipped the Shining One.
The Shining One was exalted by your worship.
You visited 5 branches of the dungeon, and saw 27 of its levels.
You also visited: Gauntlet and Ice Cave.

You collected 2689 gold pieces.
You spent 977 gold pieces at shops.

Inventory:

Hand Weapons
 f - a +8 battleaxe of freezing
 M - a +2 broad axe of flaming (weapon)
Missiles
 e - 54 poisoned darts (quivered)
 F - 18 darts of dispersal
 O - 7 silver javelins
Armour
 o - the +2 pair of slick slippers (worn) {slick, slippery, EV+4}
   (You bought it in a shop on level 2 of the Orcish Mines)

   Slick:     Its wearer cannot be constricted, engulfed, netted or webbed.
   Slippery:  Its wearer slips away from damaging melee attacks, pulling the
   attacker onward.
   EV+4:      It affects your evasion (+4).
 C - +0 swamp dragon scales (worn)
 D - the +2 cloak of Responsibility (worn) {rC+ Str+6}
   (You bought it in a shop on level 4 of the Dungeon)

   Str+6:     It affects your strength (+6).
   rC+:       It protects you from cold.
 G - a +2 pair of gloves (worn)
 J - +0 acid dragon scales
 N - a +2 hat (worn)
 P - the +4 skin of Zhor {*Englaciate rC+++ SInv}
   (You found it in an ice cave)

   *Englaciate: It radiates cold, occasionally slowing all nearby creatures who
   are not resistant to cold.
   rC+++:     It renders you almost immune to cold.
   SInv:      It lets you see invisible.
 Q - a +1 buckler of cold resistance
Jewellery
 a - a +5 ring of evasion
 g - a +4 ring of protection (left hand)
 q - an amulet of faith (around neck)
 s - a ring of see invisible
 u - a +4 ring of protection
 v - an amulet of regeneration
 x - a +6 ring of dexterity
 H - an amulet of reflection
 S - a ring of flight (right hand)
 T - a ring of resist corrosion
 W - a ring of wizardry
Wands
 d - a wand of polymorph (18)
 l - a wand of flame (49)
 p - a wand of roots (12)
 z - a wand of mindburst (12)
 A - a wand of digging (3)
 R - a wand of paralysis (15)
 V - a wand of light (5)
Scrolls
 i - a scroll of vulnerability
 m - 14 scrolls of teleportation
 r - 11 scrolls of immolation
 w - 2 scrolls of summoning
 y - 8 scrolls of identify
 B - 3 scrolls of poison
 L - 5 scrolls of fear
 U - a scroll of silence
 X - a scroll of fog
Potions
 c - 2 potions of ambrosia
 j - 3 potions of mutation
 k - 3 potions of magic
 n - a potion of attraction
 E - 4 potions of heal wounds
 I - a potion of lignification
 Y - a potion of curing
Miscellaneous
 b - a phial of floods
 h - a phantom mirror
 t - a box of beasts
 K - a lightning rod (4/4)


   Skills:
 * Level 17.3 Fighting
 * Level 18.5 Axes
 - Level 14.7 Armour
 - Level 5.8 Dodging
 * Level 5.0 Ice Magic
 * Level 17.4 Invocations


You had 9 spell levels left.
You knew the following spells:

 Your Spells              Type           Power      Damage    Failure   Level
a - Frozen Ramparts       Ice            32%        1d5       11%         3
b - Mephitic Cloud        Conj/Alch/Air  0%         N/A       63%         3

Your spell library contained the following spells:

 Spells                   Type           Power      Damage    Failure   Level
 Freeze                   Ice            64%        1d7       3%          1
 Ozocubu's Armour         Ice            16%        N/A       11%         3
 Shock                    Conj/Air       0%         1d3       26%         1
 Slow                     Hex            0%         N/A       26%         1
 Sting                    Conj/Alch      0%         1d3       26%         1
 Summon Small Mammal      Summ           0%         N/A       26%         1
 Hailstorm                Conj/Ice       8%         3d5       28%         3
 Summon Ice Beast         Ice/Summ       8%         N/A       28%         3
 Mercury Vapours          Alch/Air       0%         N/A       38%         2
 Static Discharge         Conj/Air       0%         3-3/arc   38%         2
 Call Canine Familiar     Summ           0%         N/A       63%         3
 Confusing Touch          Hex            0%         N/A       63%         3
 Dazzling Flash           Conj/Hex       0%         N/A       63%         3
 Fugue of the Fallen      Necr           0%         N/A       63%         3
 Sigil of Binding         Hex            0%         N/A       63%         3
 Swiftness                Air            0%         N/A       63%         3
 Vampiric Draining        Necr           0%         2d6       63%         3
 Airstrike                Air            0%         2d(0-16)  95%         4
 Olgreb's Toxic Radiance  Alch           0%         N/A       95%         4
 Summon Blazeheart Golem  Fire/Summ      0%         N/A       95%         4
 Summon Lightning Spire   Summ/Air       0%         N/A       95%         4
 Freezing Cloud           Conj/Ice/Air   2%         6-21      98%         5
 Curse of Agony           Necr           0%         N/A       100%        5
 Silence                  Hex/Air        0%         N/A       100%        5
 Summon Forest            Summ/Tloc      0%         N/A       100%        5
 Summon Mana Viper        Hex/Summ       0%         N/A       100%        5
 Summon Cactus Giant      Summ           0%         N/A       100%        6
 Haunt                    Necr/Summ      0%         N/A       100%        7
 Infestation              Necr           0%         N/A       100%        8


Dungeon Overview and Level Annotations

Branches:
Dungeon (15/15)            Temple (1/1) D:5            Lair (5/5) D:10
  Swamp (4/4) Lair:2       Spider (0/4) Lair:2        Slime (0/5) Lair:5
    Orc (2/2) D:12            Elf (0/3) Orc:2        Vaults (0/5) D:13
 Depths (0/4) D:15          IceCv (visited)         Gauntlet (visited)

Altars:
Ashenzari
Cheibriados
Dithmenos
Elyvilon
Fedhas
Gozag
Hepliaklqana
Kikubaaqudgha
Makhleb
Nemelex Xobeh
Okawaru
Qazlal
Ru
Sif Muna
Trog
Uskayaw
Vehumet
Wu Jian
Xom
Yredelemnul
Zin
The Shining One
Jiyva

Shops:
D:1 =   D:3 *   D:4 *   D:6 [**:?   D:11 !*   Orc:1 =   Orc:2 [***[

Annotations:
D:10 1 runed translucent door
Swamp:4 Lernaean hydra


Innate Abilities, Weirdness & Mutations

Your spellcasting is much less encumbered by armour.
You can use scrolls of enchantment on lesser artefacts.
You are partially covered in large bone plates. (SH +4)
Your mind is acute. (Int +4, Str/Dex -1)


Message History

The 27-headed Lernaean hydra bites you but does no damage. x2
The 27-headed Lernaean hydra barely misses you.
The 27-headed Lernaean hydra bites you but does no damage.
The 27-headed Lernaean hydra bites you!
* * * LOW HITPOINT WARNING * * *
The 27-headed Lernaean hydra bites you but does no damage.
The 27-headed Lernaean hydra completely misses you.
The 27-headed Lernaean hydra bites you but does no damage. x5
Unknown command.
Okay, then.
As you read the scroll of fear, it crumbles to dust.
You assume a fearsome visage.
The swamp drake looks frightened!
The bog body is unaffected.
The 27-headed Lernaean hydra easily resists.
The swamp dragon looks frightened! x2
The 27-headed Lernaean hydra misses you.
The 27-headed Lernaean hydra closely misses you. x2
The 27-headed Lernaean hydra misses you.
The 27-headed Lernaean hydra bites you but does no damage. x2
The 27-headed Lernaean hydra bites you!
* * * LOW HITPOINT WARNING * * *
You block the 27-headed Lernaean hydra's attack.
The 27-headed Lernaean hydra bites you but does no damage. x2
The 27-headed Lernaean hydra bites you.
* * * LOW HITPOINT WARNING * * *
The 27-headed Lernaean hydra barely misses you.
The 27-headed Lernaean hydra bites you but does no damage. x3
The 27-headed Lernaean hydra bites you.
* * * LOW HITPOINT WARNING * * *
The 27-headed Lernaean hydra bites you but does no damage.
The 27-headed Lernaean hydra bites you!
* * * LOW HITPOINT WARNING * * *
The 27-headed Lernaean hydra bites you.
* * * LOW HITPOINT WARNING * * *
The 27-headed Lernaean hydra bites you.
* * * LOW HITPOINT WARNING * * *
The 27-headed Lernaean hydra bites you but does no damage.
The 27-headed Lernaean hydra barely misses you. x2
The 27-headed Lernaean hydra bites you!
You die...

...P. #....$
..~.(~#..φ. ~~~
#.P..#.k. ~~~~
#..(.'.! #...♣
##..Dn#'####~~~.♣
...§ß~○...~#~.~.♣
.....○○○○ß..§~.~.
P#~.~P○D○....♣~~
#⌠..~○@○○.#§♣
####.###.†..♣
#⌠~.~#....#.♣
#...........♣
#..†ß.ß.(.#~♣ ß
#..߆.....#~♣
~.###...#'#### ♣
.ß.....ß.†....##♣♣♣
..~.#~.P~#.....#..♣♣


You could see the 27-headed Lernaean hydra, a swamp dragon (fleeing), a bog body
and a swamp drake (fleeing, catching breath).

Vanquished Creatures
  A tentacled monstrosity (Swamp:4)
  A lich (D:10)
  Gastronok (Lair:3)
  An orc warlord (Orc:1)
  2 eleionomae (Swamp:1)
  A minotaur (Gauntlet)
  A bunyip (Swamp:2)
  The ghost of Gopad the Fighter, a journeyman DrSh of Cheibriados (Orc:1)
  The ghost of PirateVox the Grappler, a journeyman TrMo of Hepliaklqana (D:10)
  A rakshasa (D:15)
  14 hydras
  A ghost crab (Gauntlet)
  2 alligators
  3 catoblepae (Lair:5)
  3 centaur warriors
  2 dancing weapons (D:13)
  6 two-headed ogres
  4 boulder beetles
  16 death yaks
  A tengu warrior (D:14)
  An occultist (D:15)
  A soul eater (Gauntlet)
  A skyshark (Lair:3)
  7 skeletal warriors
  A goliath frog (Swamp:1)
  A spriggan druid (Swamp:2)
  10 bog bodies
  7 swamp dragons
  2 orc knights (Orc:2)
  3 necromancers
  4 cyclopes
  4 deep elf pyromancers
  6 manticores
  7 ugly things
  4 kobold blastminers (Orc:2)
  3 meliai (D:15)
  9 elephants
  A centaur skeleton (D:15)
  A cane toad (shapeshifter) (D:15)
  An ice statue (IceCv)
  8 black mambas
  A smoke demon (Gauntlet)
  10 cane toads
  2 unseen horrors
  18 komodo dragons
  2 efreet
  An anaconda simulacrum (IceCv)
  3 rime drakes
  5 freezing wraiths (IceCv)
  11 ice devils (IceCv)
  2 tengu conjurers
  2 polar bears
  A queen bee (shapeshifter) (D:13)
  4 trolls
  A hornet (Swamp:1)
  A tyrant leech (Swamp:1)
  4 dream sheep (Lair:5)
  14 blink frogs
  2 centaur simulacra (D:15)
  4 slime creatures
  2 culicivoras (Lair:2)
  A spriggan (Swamp:1)
  2 shadows (D:11)
  2 water elementals (D:14)
  A wyvern (Lair:5)
  A vampire (D:11)
  64 yaks
  A basilisk (shapeshifter) (D:14)
  5 wraiths
  4 wargs
  A fire bat (D:8)
  A dire elephant simulacrum (IceCv)
  A death yak simulacrum (IceCv)
  A human (shapeshifter) (D:15)
  6 basilisks
  A redback simulacrum (D:15)
  Menkaure (D:4)
  3 tengu zombies (D:11)
  9 vampire mosquitoes
  3 swamp worms
  3 harpy simulacra (IceCv)
  2 hydra simulacra (IceCv)
  23 water moccasins
  2 acid dragons
  5 swamp drakes
  36 orc warriors
  2 ice beasts
  3 sky beasts (D:7)
  A laughing skull (D:10)
  A black bear (D:6)
  6 wolves
  4 ogres
  12 centaurs
  A phantom (D:7)
  6 kobold brigands
  3 gnoll sergeants
  10 bullfrogs
  2 scorpions
  6 cane toad simulacra (IceCv)
  A hornet simulacrum (D:15)
  8 wights
  18 killer bees
  3 elephant simulacra (IceCv)
  5 electric eels
  2 howler monkeys
  4 crimson imps (Gauntlet)
  6 jellies
  2 bombardier beetles
  3 hounds
  9 orc priests
  Terence (D:2)
  A gnoll bouda (D:8)
  A sleepcap (D:7)
  A scrub nettle (Lair:4)
  5 iguanas
  13 orc wizards
  3 polar bear simulacra (IceCv)
  6 hell rats (Lair:3)
  A spriggan simulacrum (IceCv)
  A troll simulacrum (IceCv)
  7 wolf simulacra (IceCv)
  14 gnolls
  5 adders
  2 naga simulacra (IceCv)
  5 shadow imps
  5 white imps
  2 ufetubi (IceCv)
  3 ribbon worms
  72 orcs
  4 ball pythons
  2 bats (D:1)
  2 endoplasms (D:1)
  6 giant cockroaches
  5 goblins
  3 hobgoblins (D:3)
  6 jackals
  21 kobolds
  A quokka (D:1)
  6 frilled lizards
  11 rats
747 creatures vanquished.

Vanquished Creatures (others)
  A bloated husk (Swamp:1)
  A wyvern (D:9)
2 creatures vanquished.

Grand Total: 749 creatures vanquished

Notes
Turn   | Place    | Note
-------+----------+-------------------------------------------
     0 | D:1      | Amplified the Mountain Dwarf Monk began the quest for the
                  | Orb.
     0 | D:1      | Reached XP level 1. HP: 19/19 MP: 1/1
   131 | D:1      | Reached skill level 1 in Armour
   131 | D:1      | Reached XP level 2. HP: 26/26 MP: 2/2
   227 | D:1      | Reached skill level 4 in Axes
   374 | D:1      | Found Baics's One-of-a-Kind Rings.
   384 | D:1      | Reached XP level 3. HP: 31/33 MP: 3/3
   860 | D:2      | Noticed Terence
  1041 | D:2      | Killed Terence
  1042 | D:2      | Reached XP level 4. HP: 40/40 MP: 4/4
  2113 | D:3      | Reached XP level 5. HP: 47/47 MP: 5/5
  2268 | D:3      | Found a transporter.
  2268 | D:3      | Found Ypnul's Assorted Antiques.
  2273 | D:3      | Reached skill level 5 in Axes
  2286 | D:3      | Found a transporter.
  2664 | D:3      | Bought a scroll labelled VEUTOA MANAACHE for 31 gold pieces
  2664 | D:3      | Bought a fuming coppery potion for 27 gold pieces
  2766 | D:4      | Found Qarriq's Neck Hole.
  2912 | D:4      | Noticed Menkaure
  2919 | D:4      | Killed Menkaure
  2920 | D:4      | Reached skill level 5 in Fighting
  2920 | D:4      | Reached XP level 6. HP: 14/56 MP: 6/6
  3628 | D:5      | Entered Level 5 of the Dungeon
  3681 | D:5      | Found a snail-covered altar of Cheibriados.
  3721 | D:5      | Reached skill level 6 in Axes
  3988 | D:5      | Reached XP level 7. HP: 62/62 MP: 7/7
  4138 | D:5      | Found a staircase to the Ecumenical Temple.
  4300 | D:5      | Found a white marble altar of Elyvilon.
  4724 | Temple   | Entered the Ecumenical Temple
  4761 | D:6      | Found Vuunout's Magic Scroll Shoppe.
  4771 | D:6      | Bought a scroll of enchant weapon for 82 gold pieces
  4771 | D:6      | Bought a scroll of teleportation for 33 gold pieces
  4822 | D:6      | Reached skill level 5 in Armour
  4841 | D:6      | Reached skill level 7 in Axes
  4937 | D:6      | Reached XP level 8. HP: 45/71 MP: 8/8
  5081 | D:6      | Found the amulet of Elemental Vulnerability {rPois rF--
                  | rC-- AC+8}
  5090 | D:6      | Found Mocwulonn's Assorted Antiques.
  5096 | D:6      | Bought a smoky green potion for 28 gold pieces
  5096 | D:6      | Bought a fuming white potion for 28 gold pieces
  5096 | D:6      | Found Ontorag's Assorted Antiques.
  5133 | D:6      | Found a glowing silver altar of Zin.
  5177 | D:6      | Reached skill level 8 in Axes
  5229 | D:6      | Found Cuqoma's Book Shoppe.
  5233 | D:6      | Found a bloodstained altar of Trog.
  5409 | D:6      | Found Weilomim's Armour Emporium.
  5982 | D:7      | Found a hazy altar of Hepliaklqana.
  6083 | D:7      | Gained mutation: You are partially covered in large bone
                  | plates. (SH +4) [potion of mutation]
  6083 | D:7      | Gained mutation: Your mind is acute. (Int +4, Str/Dex -1)
                  | [potion of mutation]
  6092 | D:7      | Reached XP level 9. HP: 29/81 MP: 9/9
  6196 | D:7      | Reached skill level 9 in Axes
  6659 | D:8      | You fall into a shaft and drop 1 floor!
  6850 | D:9      | Noticed a two-headed ogre
  6863 | D:9      | Killed a two-headed ogre
  6864 | D:9      | Reached skill level 10 in Axes
  6968 | D:9      | Found a glowing golden altar of the Shining One.
  7010 | D:9      | Became a worshipper of the Shining One
  7010 | D:9      | Reached * piety under the Shining One
  7010 | D:9      | Reached ** piety under the Shining One
  7057 | D:9      | Found an iron altar of Okawaru.
  7061 | D:9      | Reached skill level 1 in Invocations
  7439 | D:9      | Reached XP level 10. HP: 92/92 MP: 12/12
  7734 | D:9      | Upgraded the game from 0.32-a0-314-g526f7d4993 to
                  | 0.32-a0-338-g4f8ebfe289
  7827 | D:9      | Noticed a two-headed ogre
  7861 | D:9      | Killed a two-headed ogre
  7862 | D:9      | Reached skill level 10 in Fighting
  8031 | D:9      | Learned a level 3 spell: Frozen Ramparts
  8718 | D:8      | Reached skill level 11 in Axes
  9050 | D:8      | Reached skill level 5 in Invocations
  9686 | D:8      | Reached *** piety under the Shining One
 10172 | D:10     | Entered Level 10 of the Dungeon
 10203 | D:10     | Reached skill level 10 in Armour
 10289 | D:10     | Found a runed translucent door.
 10289 | D:10     | Noticed a skeletal warrior
 10289 | D:10     | Noticed a skeletal warrior
 10289 | D:10     | Noticed a centaur warrior
 10290 | D:10     | Noticed a skeletal warrior
 10291 | D:10     | Noticed a lich
 10291 | D:10     | Noticed PirateVox's ghost (journeyman TrMo)
 10292 | D:10     | Noticed a skeletal warrior
 10330 | D:10     | Found a staircase to the Lair.
 10496 | D:10     | Identified the +7 spear of Egeggig {freeze, Str+4 SInv}
 10501 | D:10     | Reached **** piety under the Shining One
 10503 | D:10     | Noticed a necromancer
 10549 | D:10     | Found an ornate altar of the Wu Jian Council.
 10564 | D:10     | Reached XP level 11. HP: 89/101 MP: 15/15
 10770 | D:10     | Reached skill level 12 in Axes
 10980 | D:10     | Found a runed translucent door.
 11140 | D:11     | Noticed a two-headed ogre
 11147 | D:11     | Killed a two-headed ogre
 11227 | D:11     | Found an opulent altar of Gozag.
 11239 | D:11     | Found Gozag's Platinum Reserve.
 11346 | D:11     | Found a transporter.
 11346 | D:11     | Noticed a two-headed ogre
 11354 | D:11     | Killed a two-headed ogre
 11699 | D:11     | Found Dipudghak's Distillery.
 11847 | D:11     | Found a transporter.
 12197 | D:4      | Bought the +1 cloak of Responsibility {rC+ Str+6} for 397
                  | gold pieces
 12452 | D:12     | Noticed a two-headed ogre
 12461 | D:12     | Killed a two-headed ogre
 12543 | D:12     | Reached skill level 13 in Axes
 12597 | D:12     | Noticed a two-headed ogre
 12602 | D:12     | Killed a two-headed ogre
 12603 | D:12     | Reached XP level 12. HP: 110/112 MP: 19/19
 12634 | D:12     | HP: 4/112 [burnt (4)]
 13468 | D:12     | Found a staircase to the Orcish Mines.
 13703 | D:13     | Noticed a boulder beetle
 13710 | D:13     | Killed a boulder beetle
 13802 | D:13     | Reached skill level 10 in Invocations
 13967 | D:13     | Noticed a six-headed hydra
 14128 | Orc:1    | Entered Level 1 of the Orcish Mines
 14312 | Orc:1    | Found Gejexuf's Jewellery Shop.
 14352 | Orc:1    | Found a transporter.
 14357 | Orc:1    | Found a transporter.
 14357 | Orc:1    | Noticed an orc warlord
 14358 | Orc:1    | Noticed Gopad's ghost (journeyman DrSh)
 14715 | Orc:2    | Entered Level 2 of the Orcish Mines
 14923 | Orc:2    | Found Fuocvusio's Armour Boutique.
 14932 | Orc:2    | Bought the +2 pair of slick slippers {slick, slippery,
                  | EV+4} for 351 gold pieces
 14932 | Orc:2    | Found the +2 pair of slick slippers {slick, slippery, EV+4}
 14941 | Orc:2    | Reached ***** piety under the Shining One
 15573 | Orc:2    | Reached skill level 14 in Axes
 15626 | Orc:2    | Found a staircase to the Elven Halls.
 16167 | Orc:2    | Found Nadamust's General Store.
 16167 | Orc:2    | Found Iffowimn's General Store.
 16169 | Orc:2    | Found Poutumyt's General Store.
 16171 | Orc:2    | Found Jaar's Armour Emporium.
 16382 | Lair:1   | Entered Level 1 of the Lair of Beasts
 16434 | Lair:1   | Reached XP level 13. HP: 104/122 MP: 19/21
 16649 | Lair:1   | Found a gate leading to a gauntlet.
 16694 | Gauntlet | Entered a Gauntlet
 16694 | Gauntlet | Found a transporter.
 16694 | Gauntlet | Found a transporter.
 16743 | Gauntlet | Found a transporter.
 16746 | Gauntlet | Found a transporter.
 16746 | Gauntlet | Found a transporter.
 16746 | Gauntlet | Found a transporter.
 16758 | Gauntlet | Found a transporter.
 16760 | Gauntlet | Found a transporter.
 16774 | Gauntlet | Found a transporter.
 16874 | Gauntlet | Found a transporter.
 16875 | Gauntlet | Found a transporter.
 16886 | Gauntlet | Found a transporter.
 17190 | Gauntlet | Reached skill level 15 in Axes
 17196 | Gauntlet | Identified the +2 cloak of Chimes {Dex+2}
 17212 | Gauntlet | Noticed a minotaur
 17221 | Gauntlet | Killed a minotaur
 17783 | Lair:2   | Found a staircase to the Swamp.
 17857 | Lair:2   | Found a frozen archway.
 17863 | IceCv    | Entered an ice cave
 17894 | IceCv    | Reached ****** piety under the Shining One
 17924 | IceCv    | Found the +4 skin of Zhor {*Englaciate rC+++ SInv}
 18033 | IceCv    | Got the Encyclopedia of the Deep Freeze and the End
 18323 | IceCv    | Found an ancient bone altar of Kikubaaqudgha.
 18757 | Lair:3   | Reached XP level 14. HP: 133/133 MP: 21/24
 19053 | Lair:5   | Entered Level 5 of the Lair of Beasts
 19162 | Lair:5   | Reached skill level 16 in Axes
 19275 | Lair:5   | Reached skill level 15 in Fighting
 19400 | Lair:5   | Reached skill level 5 in Dodging
 19494 | Lair:5   | Got an earthy gem with 1981 turns to spare
 19871 | Lair:5   | Found a viscous altar of Jiyva.
 19871 | Lair:5   | Found a staircase to the Slime Pits.
 20697 | Lair:4   | Reached skill level 15 in Invocations
 21579 | Lair:3   | Reached XP level 15. HP: 74/143 MP: 23/26
 21881 | Lair:3   | Noticed Gastronok
 21891 | Lair:3   | Killed Gastronok
 22077 | Lair:2   | Reached skill level 17 in Axes
 22245 | Lair:2   | Found a hole to the Spider Nest.
 23253 | D:13     | Found a gate to the Vaults.
 24541 | D:15     | Entered Level 15 of the Dungeon
 24630 | D:15     | Found a radiant altar of Vehumet.
 24938 | D:15     | Found a staircase to the Depths.
 26248 | D:10     | Killed a lich
 26254 | D:10     | Killed PirateVox's ghost
 26265 | D:10     | Reached skill level 18 in Axes
 26449 | Orc:1    | Killed Gopad's ghost
 26464 | Orc:1    | Identified the +3 spear of the Kissing Moth {protect,
                  | ^Drain rPois rC+++ Dex+5}
 26635 | Swamp:1  | Entered Level 1 of the Swamp
 26654 | Swamp:1  | Learned a level 3 spell: Mephitic Cloud
 26729 | Swamp:1  | Reached skill level 1 in Ice Magic
 26746 | Swamp:1  | Reached XP level 16. HP: 95/154 MP: 25/28
 27238 | Swamp:4  | Entered Level 4 of the Swamp
 27238 | Swamp:4  | Noticed a tentacled monstrosity
 27256 | Swamp:4  | Killed a tentacled monstrosity
 27416 | Swamp:4  | Noticed the 27-headed Lernaean hydra
 27419 | Swamp:4  | Reached skill level 5 in Ice Magic
 27421 | Swamp:4  | Slain by the 27-headed Lernaean hydra

Illustrated notes

Levels and vault maps discovered:
D:1:      onia_arrival_pyramid, layout_loops_ring, nicolae_shop_unique_rings
D:2:      layout_loops_ring, uniq_terence
D:3:      layout_basic, serial_shops, nicolae_shop_drivethru,
          hangedman_decor_growths
D:4:      layout_basic, nicolae_shop_sticking_my_neck_out, uniq_menkaure
D:5:      layout_basic, kennysheep_mini_moat, mainiacjoe_overflow_catwalk,
          minmay_temple_entry_mist, amcnicky_mini_pool_small
D:6:      layout_loops_ring, mainiacjoe_overflow_paths, kennysheep_little_box,
          serial_shops, nicolae_shop_gibbet_a_chance, shop, shop, shop, shop,
          nrook_mini_vaults, st_stairs_5, minmay_unpleasant_kobolds
D:7:      layout_cave_pools, mainiacjoe_overflow_six_doors_small
D:8:      kennysheep_spiral_hall, layout_cave_pods, reono_crystal_passage,
          minmay_crystal_water
D:9:      layout_cross, nicolae_tso_swordbearing_angel,
          okawaru_metal_pillars_1_2
D:10:     layout_rooms, mainiacjoe_overflow_24_doors, lair_entry_dummy,
          muffindrake_ghost_dual_entry
D:11:     gammafunk_cloud_chamber, layout_basic, serial_shops, shop,
          nicolae_gozag_zags_fifth_avenue
D:12:     layout_long_grid, erik_orc_1
D:13:     layout_roguey, erik_vaults_1, nicolae_zig_zag_zippers
D:14:     layout_basic, minmay_strange_pillars
D:15:     grunt_enter_depths_magical_seal, layout_stronghold, dk_noncrumbling_4,
          nicolae_wand_duel, fiery_altar_vehumet
Temple:   nicolae_temple_great_sept
Lair:1:   layout_cave_shapes, gauntlet_entry_generic, beast_lair_carwin_9
Lair:2:   layout_cave_pods, swamp_mist, spider_nest_entry_rubble,
          portal_ice_cave_entry_pillars_2
Lair:3:   layout_misc_corridors, grunt_megastairs_2, serial_bayou_shore_b,
          infiniplex_staircase_pool_2, uniq_gastronok
Lair:4:   layout_roguey, evilmike_ambush [evilmike_ambush_outer_corners,
          evilmike_ambush_inner_wall_1]
Lair:5:   evilmike_catoblepas_cave, layout_regular_city, slime_entry_1,
          st_stairs_7, lemuel_fruit_fields, serial_bayou_shore_a,
          grunt_megastairs_3
Swamp:1:  layout_basic_swamp, hangedman_swamp_ruin_hall, swamp_pool_3,
          infiniplex_staircase_pool
Swamp:2:  layout_basic_swamp, hangedman_swamp_cone
Swamp:3:  layout_basic_swamp, evilmike_swamp_ruin_rubble_1
Swamp:4:  grunt_swamp_rune_castle, layout_basic_swamp, swamp_pool_1_2,
          nicolae_swamp_feature_on_the_river_bank
Orc:1:    layout_caves, gammafunk_ghost_arena, minmay_shop_enchanted_jewellery
Orc:2:    st_orc_rangers, layout_diamond_mine, serial_shops, shop

Skill      XL: |  1  2  3  4  5  6  7  8  9 10 11 12 13 14 15 16 |
---------------+-------------------------------------------------+-----
Armour         | 1 2 3 4 5 7 8 10 11 12 13 14 | 14.7
Axes           | 4 5 6 7 8 10 11 13 14 15 16 18 | 18.5
Fighting       | 4 5 6 8 9 10 12 13 14 15 16 17 | 17.3
Invocations    | 3 6 9 11 13 15 16 17 | 17.4
Dodging        | 3 5 |  5.8
Ice Magic      | 1 5 |  5.0

Action                     |  1- 3 |  4- 6 |  7- 9 | 10-12 | 13-15 | 16-18 || total
---------------------------+-------+-------+-------+-------+-------+-------++-------
  Melee: Hand axe          |    81 |    28 |   323 |    78 |       |       ||   510
         Dagger            |       |   138 |   101 |   129 |       |       ||   368
         Battleaxe         |       |       |       |   410 |   750 |    25 ||  1185
         Broad axe         |       |       |       |       |    31 |    92 ||   123
  Throw: Dart              |     2 |       |       |     3 |       |       ||     5
 Invoke: Divine Shield     |       |       |       |    19 |    19 |     3 ||    41
         Cleansing Flame   |       |       |       |       |    19 |     3 ||    22
  Evoke: Wand              |       |     9 |    16 |    19 |     3 |       ||    47
         Phial of floods   |       |       |     1 |     1 |     1 |       ||     3
    Use: Scroll            |     7 |     7 |     2 |    13 |     3 |     1 ||    33
         Potion            |     1 |     2 |     7 |    16 |     8 |       ||    34
   Stab: Invisible         |       |       |     8 |       |       |       ||     8
 Armour: Robe              |    26 |    72 |       |       |       |       ||    98
         Skin              |    19 |     7 |    72 |    92 |       |       ||   190
         Ring mail         |       |     8 |   301 |       |       |       ||   309
         Acid dragon scale |       |       |     8 |   507 |   502 |     4 ||  1021
         Swamp dragon scal |       |       |       |       |       |   160 ||   160
  Dodge: Dodged            |    39 |    94 |   249 |   457 |   434 |    85 ||  1358
  Block: Other             |       |       |       |   129 |   203 |    37 ||   369

Table legend: (Time is in decaauts)
 A = Elapsed time spent in this place.
 B = Non-inter-level travel time spent in this place.
 C = Inter-level travel time spent in this place.
 D = Time resting spent in this place.
 E = Time spent auto-exploring this place.
 F = Levels seen in this place.
 G = Mean time per level.
                   A        B        C        D        E       F      G
               +--------+--------+--------+--------+--------+-----+--------+
         Total |  27353 |  25273 |   2080 |   2045 |  17848 |  29 |  943.2 |
       Dungeon |  17943 |  16284 |   1659 |   1107 |  12293 |  15 | 1196.2 |
        Temple |      1 |      1 |      0 |      0 |      0 |   1 |    1.0 |
          Lair |   5122 |   4825 |    297 |     93 |   3606 |   5 | 1024.4 |
         Swamp |    770 |    770 |      0 |    232 |    234 |   4 |  192.5 |
  Orcish Mines |   2212 |   2090 |    122 |    328 |   1241 |   2 | 1106.0 |
      Ice Cave |    767 |    767 |      0 |    105 |    287 |   1 |  767.0 |
      Gauntlet |    535 |    535 |      0 |    180 |    186 |   1 |  535.0 |
               +--------+--------+--------+--------+--------+-----+--------+

Top non-repeatable levels by time:
     D:8: 1864 daAuts
     D:9: 1759 daAuts
    D:12: 1639 daAuts
   Orc:2: 1507 daAuts
  Lair:5: 1471 daAuts
    D:15: 1420 daAuts
    D:11: 1334 daAuts
     D:5: 1140 daAuts
     D:6: 1127 daAuts
    D:10: 1116 daAuts
    D:14: 1057 daAuts
     D:3: 1034 daAuts
  Lair:2: 1012 daAuts
    D:13: 1009 daAuts
  Lair:4: 982 daAuts
